NTL
DULUTH-SUPERIOR DUKES @ WATERTOWN BUCKS
04/26/1982
 
TOP OF THE 1ST
Duluth-Superior Dukes batting - Pitching for Watertown Bucks : LHP William Demo
Pitching: LHP William Demo
Batting: RHB Hector Cervantes 0-0: Ball
1-0: Ball
2-0: Ball
3-0: Called Strike
3-1: Base on Balls
Batting: RHB Ricky Sheetz 0-0: Ball
1-0: Called Strike
1-1: Ball
2-1: Ball
3-1: Called Strike
3-2: Strikes out swinging
Batting: LHB Ralph Bryant 0-0: Called Strike
0-1: Ball
1-1: Called Strike
1-2: Grounds into double play, 4-6-3 (Groundball, 4, EV 81.3 MPH)
Top of the 1st over - 0 runs, 0 hits, 0 errors, 0 left on base; Duluth-Superior 0 - Watertown 0
BOTTOM OF THE 1ST
Watertown Bucks batting - Pitching for Duluth-Superior Dukes : LHP Kenneth Swank
Pitching: LHP Kenneth Swank
Batting: LHB Manuel Vigil 0-0: Ball
1-0: Called Strike
1-1: Ground out U3 (Groundball, 3, EV 77.5 MPH)
Batting: RHB Richard Plautz 0-0: Called Strike
0-1: Foul Ball, location: 2F
0-2: Ball
1-2: Ball
2-2: Strikes out swinging
Batting: RHB Sebastiano Borriello 0-0: Ball
1-0: Called Strike
1-1: Ball
2-1: Ball
3-1: Called Strike
3-2: Base on Balls
Batting: RHB Eugene Cattane 0-0: Ball
1-0: Fielders Choice at 2nd, U6 (Groundball, 6M, EV 81.9 MPH)
Bottom of the 1st over - 0 runs, 0 hits, 0 errors, 1 left on base; Duluth-Superior 0 - Watertown 0
TOP OF THE 2ND
Duluth-Superior Dukes batting - Pitching for Watertown Bucks : LHP William Demo
Batting: RHB Leo Vargas 0-0: Ball
1-0: Called Strike
1-1: Called Strike
1-2: Strikes out swinging
Batting: SHB Garry Humpston 0-0: Ball
1-0: Swinging Strike
1-1: Ball
2-1: Called Strike
2-2: Strikes out looking
Batting: RHB Jim Ferguson 0-0: Ball
1-0: Ball
2-0: Ground out 4-3 (Groundball, 4, EV 89.4 MPH)
Top of the 2nd over - 0 runs, 0 hits, 0 errors, 0 left on base; Duluth-Superior 0 - Watertown 0
BOTTOM OF THE 2ND
Watertown Bucks batting - Pitching for Duluth-Superior Dukes : LHP Kenneth Swank
Batting: LHB Greg Guin 0-0: Ball
1-0: Called Strike
1-1: Ground out 5-3 (Groundball, 56S, EV 68.8 MPH)
Batting: RHB Robert Tanzi 0-0: Ball
1-0: Foul Ball, location: 2F
1-1: SINGLE (Line Drive, 4D, EV 99.4 MPH)
Batting: LHB Bryan Neal 0-0: Ball
1-0: Swinging Strike
1-1: Grounds into double play, 1-6-3 (Groundball, 13S, EV 65.0 MPH)
Bottom of the 2nd over - 0 runs, 1 hit, 0 errors, 0 left on base; Duluth-Superior 0 - Watertown 0
TOP OF THE 3RD
Duluth-Superior Dukes batting - Pitching for Watertown Bucks : LHP William Demo
Batting: RHB Pete Rice 0-0: Ball
1-0: Ground out 6-3 (Groundball, 6M, EV 102.5 MPH)
Batting: RHB Gary Hinson 0-0: Ball
1-0: Called Strike
1-1: Ball
2-1: Foul Ball, location: 2F
2-2: Ball
3-2: Strikes out swinging
Batting: RHB Allan Garray 0-0: Swinging Strike
0-1: Ground out U3 (Groundball, 3, EV 99.4 MPH)
Top of the 3rd over - 0 runs, 0 hits, 0 errors, 0 left on base; Duluth-Superior 0 - Watertown 0
BOTTOM OF THE 3RD
Watertown Bucks batting - Pitching for Duluth-Superior Dukes : LHP Kenneth Swank
Batting: RHB Thomas Dimino 0-0: Called Strike
0-1: Ball
1-1: Fly out, F8 (Flyball, 8LD, EV 100.6 MPH)
Batting: SHB Luis Rivera 0-0: Called Strike
0-1: Ball
1-1: Swinging Strike
1-2: Ground out 6-3 (Groundball, 6, EV 83.8 MPH)
Batting: LHB Manuel Vigil 0-0: Swinging Strike
0-1: Ground out 6-3 (Groundball, 4MS, EV 68.1 MPH)
Bottom of the 3rd over - 0 runs, 0 hits, 0 errors, 0 left on base; Duluth-Superior 0 - Watertown 0
TOP OF THE 4TH
Duluth-Superior Dukes batting - Pitching for Watertown Bucks : LHP William Demo
Batting: RHB Hector Cervantes 0-0: Ball
1-0: Ball
2-0: Called Strike
2-1: Ball
3-1: Fly out, F9 (Flyball, 89XD, EV 111.9 MPH)
Batting: RHB Ricky Sheetz 0-0: Swinging Strike
0-1: Ball
1-1: Ball
2-1: Ball
3-1: Base on Balls
Batting: LHB Ralph Bryant 0-0: Called Strike
0-1: Foul Ball, location: 2F
0-2: SINGLE (Groundball, 34S, EV 70.0 MPH) (infield hit)
Ricky Sheetz to second
Batting: RHB Leo Vargas 0-0: Ball
1-0: Ball
2-0: Ball
3-0: Called Strike
3-1: 3-RUN HOME RUN (Flyball, 7D, EV 108.1 MPH), Distance : 364 ft
Batting: SHB Garry Humpston 0-0: Ball
1-0: Ball
2-0: Foul Ball, location: 2F
2-1: DOUBLE (Flyball, 8LXD, EV 103.1 MPH) - OUT at third base trying to stretch hit.
Batting: RHB Jim Ferguson 0-0: Ground out 6-3 (Groundball, 6, EV 81.9 MPH)
Top of the 4th over - 3 runs, 3 hits, 0 errors, 0 left on base; Duluth-Superior 3 - Watertown 0
BOTTOM OF THE 4TH
Watertown Bucks batting - Pitching for Duluth-Superior Dukes : LHP Kenneth Swank
Batting: RHB Richard Plautz 0-0: Ball
1-0: Ball
2-0: Called Strike
2-1: Ball
3-1: Swinging Strike
3-2: Foul Ball, location: 2F
3-2: Reached on error, E6 (Groundball, 6, EV 85.0 MPH)
Batting: RHB Sebastiano Borriello 0-0: Foul Ball, location: 2F
0-1: Ball
1-1: Fly out, F9 (Flyball, 89S, EV 83.8 MPH)
Batting: RHB Eugene Cattane 0-0: Fly out, F8 (Flyball, 8RS, EV 93.1 MPH)
Batting: LHB Greg Guin 0-0: Called Strike
Richard Plautz is caught stealing 2nd base 2-6
Bottom of the 4th over - 0 runs, 0 hits, 1 error, 0 left on base; Duluth-Superior 3 - Watertown 0
TOP OF THE 5TH
Duluth-Superior Dukes batting - Pitching for Watertown Bucks : LHP William Demo
Batting: RHB Pete Rice 0-0: Ball
1-0: Ball
2-0: Fly out, F8 (Line Drive, 8RM, EV 89.4 MPH)
Batting: RHB Gary Hinson 0-0: Ball
1-0: SINGLE (Groundball, 4MD, EV 96.9 MPH)
Batting: RHB Allan Garray 0-0: Called Strike
Gary Hinson is caught stealing 2nd base 2-4
0-1: Foul Ball, location: 2F
0-2: Foul Ball, location: 2F
0-2: Ball
1-2: Ball
2-2: Strikes out swinging
Top of the 5th over - 0 runs, 1 hit, 0 errors, 0 left on base; Duluth-Superior 3 - Watertown 0
BOTTOM OF THE 5TH
Watertown Bucks batting - Pitching for Duluth-Superior Dukes : LHP Kenneth Swank
Batting: LHB Greg Guin 0-0: Fly out, F9 (Flyball, 89S, EV 86.3 MPH)
Batting: RHB Robert Tanzi 0-0: Ball
1-0: Foul Ball, location: 2F
1-1: Ball
2-1: Ground out 3-1 (Groundball, 34, EV 103.1 MPH)
Batting: LHB Bryan Neal 0-0: Ball
1-0: Foul Ball, location: 2F
1-1: Swinging Strike
1-2: Foul Ball, location: 2F
1-2: Strikes out swinging
Bottom of the 5th over - 0 runs, 0 hits, 0 errors, 0 left on base; Duluth-Superior 3 - Watertown 0
TOP OF THE 6TH
Duluth-Superior Dukes batting - Pitching for Watertown Bucks : LHP William Demo
Batting: RHB Hector Cervantes 0-0: Called Strike
0-1: SINGLE (Line Drive, 9LS, EV 95.0 MPH)
Batting: RHB Ricky Sheetz 0-0: Ball
1-0: Called Strike
1-1: Ball
2-1: Ball
3-1: Base on Balls
Hector Cervantes to second
Batting: LHB Ralph Bryant 0-0: Called Strike
0-1: Swinging Strike
0-2: Ball
1-2: Strikes out swinging
Batting: RHB Leo Vargas 0-0: Called Strike
Hector Cervantes steals 3rd base (no throw)
Ricky Sheetz to second
0-1: Ball
1-1: Ball
2-1: Ground out 6-3 (Groundball, 6, EV 86.3 MPH)
Batting: SHB Garry Humpston 0-0: Called Strike
0-1: Called Strike
0-2: Ball
1-2: Ball
2-2: Ball
3-2: Ground out 5-3 (Groundball, 56S, EV 86.3 MPH)
Top of the 6th over - 0 runs, 1 hit, 0 errors, 2 left on base; Duluth-Superior 3 - Watertown 0
BOTTOM OF THE 6TH
Watertown Bucks batting - Pitching for Duluth-Superior Dukes : LHP Kenneth Swank
Batting: RHB Thomas Dimino 0-0: Swinging Strike
0-1: Reached on error, E5 (Groundball, 56S, EV 81.9 MPH)
Batting: SHB Luis Rivera 0-0: Called Strike
0-1: Foul Ball, location: 2F
0-2: Strikes out looking
Batting: LHB Manuel Vigil 0-0: Ball
1-0: Foul Ball, location: 2F
1-1: Ball
2-1: Called Strike
2-2: Fly out, F8 (Flyball, 89M, EV 89.4 MPH)
Batting: RHB Richard Plautz 0-0: Foul Ball, location: 2F
0-1: Called Strike
0-2: Ball
1-2: Reached on error, E4 (Groundball, 34, EV 98.8 MPH)
Thomas Dimino to second
Batting: RHB Sebastiano Borriello 0-0: Called Strike
0-1: Ball
1-1: Ball
2-1: Swinging Strike
2-2: Foul Ball, location: 2F
2-2: Ball
3-2: Fly out, F9 (Flyball, 9D, EV 96.3 MPH)
Bottom of the 6th over - 0 runs, 0 hits, 2 errors, 2 left on base; Duluth-Superior 3 - Watertown 0
TOP OF THE 7TH
Duluth-Superior Dukes batting - Pitching for Watertown Bucks : LHP William Demo
Batting: RHB Jim Ferguson 0-0: Called Strike
0-1: Ball
1-1: Ball
2-1: Swinging Strike
2-2: Ball
3-2: Base on Balls
Batting: RHB Pete Rice 0-0: Ball
1-0: Called Strike
1-1: Ball
2-1: Grounds into double play, 5-4-3 (Groundball, 5D, EV 91.3 MPH)
Batting: RHB Gary Hinson 0-0: Ball
1-0: Fly out, F9 (Flyball, 89XD, EV 97.5 MPH)
Top of the 7th over - 0 runs, 0 hits, 0 errors, 0 left on base; Duluth-Superior 3 - Watertown 0
BOTTOM OF THE 7TH
Watertown Bucks batting - Pitching for Duluth-Superior Dukes : LHP Kenneth Swank
Batting: RHB Eugene Cattane 0-0: Called Strike
0-1: Fly out, F7 (Flyball, 7LM, EV 87.5 MPH)
Batting: LHB Greg Guin 0-0: Ball
1-0: Ball
2-0: Foul Ball, location: 2F
2-1: Ground out U3 (Groundball, 3L, EV 103.1 MPH)
Batting: RHB Robert Tanzi 0-0: Swinging Strike
0-1: Foul Ball, location: 2F
0-2: Foul Ball, location: 2F
0-2: Strikes out looking
Bottom of the 7th over - 0 runs, 0 hits, 0 errors, 0 left on base; Duluth-Superior 3 - Watertown 0
TOP OF THE 8TH
Duluth-Superior Dukes batting - Pitching for Watertown Bucks : LHP William Demo
Batting: RHB Allan Garray 0-0: Foul Ball, location: 2F
0-1: Foul Ball, location: 2F
0-2: Ball
1-2: Ball
2-2: Ball
3-2: Strikes out swinging
Batting: RHB Hector Cervantes 0-0: Ball
1-0: Ball
2-0: Called Strike
2-1: Ball
3-1: Ground out 5-3 (Groundball, 56, EV 83.1 MPH)
Batting: RHB Ricky Sheetz 0-0: Called Strike
0-1: Ball
1-1: Foul Ball, location: 2F
1-2: Strikes out swinging
Top of the 8th over - 0 runs, 0 hits, 0 errors, 0 left on base; Duluth-Superior 3 - Watertown 0
BOTTOM OF THE 8TH
Watertown Bucks batting - Pitching for Duluth-Superior Dukes : LHP Kenneth Swank
Now at 2B: Everette Smith
Batting: LHB Bryan Neal 0-0: Ball
1-0: Fly out, F4 (Popup, 4S, EV 75.0 MPH)
Batting: RHB Thomas Dimino 0-0: Swinging Strike
0-1: Fly out, F6 (Popup, P, EV 79.4 MPH)
Batting: SHB Luis Rivera 0-0: Ground out 6-3 (Groundball, 6, EV 82.5 MPH)
Bottom of the 8th over - 0 runs, 0 hits, 0 errors, 0 left on base; Duluth-Superior 3 - Watertown 0
TOP OF THE 9TH
Duluth-Superior Dukes batting - Pitching for Watertown Bucks : LHP William Demo
Batting: LHB Ralph Bryant 0-0: Ball
1-0: Ground out 6-3 (Groundball, 6, EV 90.6 MPH)
Batting: RHB Leo Vargas 0-0: Ball
1-0: Foul Ball, location: 2F
1-1: Foul Ball, location: 2F
1-2: Fly out, F8 (Flyball, 89S, EV 98.1 MPH)
Batting: SHB Garry Humpston 0-0: Ball
1-0: Ball
2-0: Ball
3-0: Base on Balls
Batting: RHB Jim Ferguson 0-0: Ball
1-0: Fly out, F7 (Flyball, 7LM, EV 86.3 MPH)
Top of the 9th over - 0 runs, 0 hits, 0 errors, 1 left on base; Duluth-Superior 3 - Watertown 0
BOTTOM OF THE 9TH
Watertown Bucks batting - Pitching for Duluth-Superior Dukes : LHP Kenneth Swank
Batting: LHB Manuel Vigil 0-0: Ball
1-0: Called Strike
1-1: Ball
2-1: Ball
3-1: Ground out 6-3 (Groundball, 15, EV 82.5 MPH)
Batting: RHB Richard Plautz 0-0: SINGLE (Line Drive, 89S, EV 100.0 MPH)
Batting: RHB Sebastiano Borriello 0-0: Ball
1-0: Fly out, F9 (Line Drive, 9D, EV 93.1 MPH)
Batting: RHB Eugene Cattane 0-0: Called Strike
0-1: Ball
1-1: Ball
2-1: Foul Ball, location: 2F
2-2: Fly out, F9 (Flyball, 9LM, EV 86.9 MPH)
Bottom of the 9th over - 0 runs, 1 hit, 0 errors, 1 left on base; Duluth-Superior 3 - Watertown 0
Thursday, July 23rd, 2020 - OOTP Baseball 21.5 Build 71